 Dungeon Crawl Stone Soup version 0.29.0-11-gd7f09526c8 (webtiles) character file.

Game seed: 1388750033568951674

70 SnakkuSnakku7 the Sneak (level 4, 0/37 HPs)
             Began as a Human Delver on Sept 6, 2022.
             Slain by Sigmund
             ... wielding a +0 scythe
              (10 damage)
             ... on level 2 of the Dungeon.
             The game lasted 00:03:07 (1598 turns).

SnakkuSnakku7 the Sneak (Human Delver)              Turns: 1598, Time: 00:03:07

Health: 0/37       AC:  3    Str: 15    XL:     4   Next: 44%
Magic:  4/4        EV: 12    Int: 10    God:
Gold:   163        SH:  0    Dex: 14    Spells: 3/3 levels left

rFire   . . .      SeeInvis .   a - +4 mace (drain)
rCold   . . .      Faith    .   (no shield)
rNeg    + . .      Spirit   .   b - +0 leather armour
rPois   .          Reflect  .   (no helmet)
rElec   .          Harm     .   (no cloak)
rCorr   .          Rampage  .   (no gloves)
Will    .....                   (no boots)
Stlth   +++.......              (no amulet)
HPRegen 0.12/turn               h - ring of positive energy
MPRegen 0.09/turn               (no ring)

@: no status effects
A: no striking features
a: no special abilities


You were on level 2 of the Dungeon.
You visited 1 branch of the dungeon, and saw 5 of its levels.

You collected 163 gold pieces.

Inventory:

Hand Weapons
 a - a +4 mace of draining (weapon)
 d - the +2 falchion of the Transparent God {vorpal, Fly rC- Dex+6 Stlth+}
   (You found it on level 5 of the Dungeon)

   It inflicts extra damage upon your enemies.
   Dex:       It affects your dexterity (+6).
   rC:        It makes you vulnerable to cold.
   Fly:       It grants you flight.
   Stlth:     It makes you more stealthy.
 i - a +0 spear
 l - a +4 spear
Missiles
 s - 4 poisoned darts (quivered)
Armour
 b - a +0 leather armour (worn)
Jewellery
 h - a ring of positive energy (left hand)
Wands
 g - a wand of digging (3)
Scrolls
 c - a scroll of fog
 e - a scroll of fear
 k - a scroll of magic mapping
 n - a scroll of immolation {unknown}
 q - a scroll of vulnerability {unknown}
 r - 2 scrolls of identify {unknown}
Potions
 f - a potion of haste
 j - a potion of ambrosia {unknown}
 m - 2 potions of might {unknown}
 o - 2 potions of heal wounds {unknown}
 p - 3 potions of curing {unknown}


   Skills:
 - Level 4.0 Fighting
 + Level 2.6 Maces & Flails
 - Level 2.0 Polearms
 - Level 2.0 Dodging
 - Level 5.0 Stealth


You had 3 spell levels left.
You didn't know any spells.
Your spell library contained the following spells:

 Spells                   Type           Power      Damage    Failure   Level
 Summon Small Mammal      Summ           0%         N/A       43%         1
 Call Canine Familiar     Summ           0%         N/A       80%         3
 Summon Guardian Golem    Hex/Summ       0%         N/A       80%         3


Dungeon Overview and Level Annotations

Branches:
Dungeon (5/15)
 Temple: D:4-7

Altars:

Shops:
D:2 (

Annotations:
D:2 Sigmund
D:4 exclusions: adder and hound
D:5 1 transporter, exclusion: steam dragon


Message History

s - 4 poisoned darts A kobold comes into view.
It is wielding a +0 dagger.
You see here an emerald potion.
A kobold is nearby!
p - 3 emerald potions (gained 1)
The kobold shouts!
The kobold throws a stone.
The stone closely misses you.
The kobold throws a stone.
The stone barely misses you.
You closely miss the kobold. Your punch misses the kobold.
The kobold hits you but does no damage.
You closely miss the kobold. The kobold barely misses you.
You barely miss the kobold. The kobold hits you with a +0 dagger.
The kobold hits you but does no damage.
You sock the kobold!
You kill the kobold!
Things that are here:
a +0 dagger; 5 stones You open the door.
There is an open door here.
A ball python comes into view.
A ball python is nearby!
Really walk into a travel-excluded area? [Y]es or [N]o only, please.
Really walk into a travel-excluded area?
The ball python hisses angrily.
Sigmund shouts!
Sigmund mumbles some strange words.
Sigmund flickers and vanishes!
Deactivating autopickup; reactivate with Ctrl-A.
You sock the ball python!
You kill the ball python!
Something hits you. Something hits you.
You closely miss something. You hit something. Something hits you!
You hit something. Something hits you but does no damage.
You barely miss something. Something hits you.
You sock something! Something hits you!
* * * LOW HITPOINT WARNING * * *
You closely miss something. Something hits you!
You die...

######.####.#.#
#.# #.####.#.#
#.# #......#.#
#.# ########.#
#.# #.# #.# #.#
#.# #.# #.#
#.#########.#
#..{@.......#
###########.#
###


There were no monsters in sight!

Vanquished Creatures
  2 adders
  A dart slug (D:1)
  6 endoplasms
  3 giant cockroaches
  4 goblins (D:1)
  5 hobgoblins (D:1)
  7 kobolds
  3 quokkas
  2 ball pythons
  3 bats
  5 frilled lizards
  6 rats
47 creatures vanquished.

Vanquished Creatures (others)
  3 plants (D:1)
3 creatures vanquished.

Grand Total: 50 creatures vanquished

Notes
Turn   | Place    | Note
-------+----------+-------------------------------------------
     0 | D:5      | SnakkuSnakku7 the Human Delver began the quest for the Orb.
     0 | D:5      | Reached XP level 1. HP: 18/18 MP: 1/1
    25 | D:5      | Found a transporter.
    28 | D:5      | Noticed an electric eel
    52 | D:5      | Noticed a steam dragon
    60 | D:5      | Identified the +2 falchion of the Transparent God {vorpal,
                  | Fly rC- Dex+6 Stlth+}
    81 | D:4      | Noticed an iguana
   103 | D:4      | Noticed a hound
   109 | D:3      | Found a faded altar of an unknown god.
   149 | D:3      | Reached XP level 2. HP: 20/25 MP: 2/2
   391 | D:1      | You fall into a shaft and drop 1 floor!
   452 | D:2      | Reached XP level 3. HP: 30/30 MP: 3/3
   501 | D:2      | Noticed Sigmund
   542 | D:2      | Found Firano Ikibb's Weapon Shop.
   726 | D:1      | Reached skill level 1 in Maces & Flails
  1156 | D:1      | Reached XP level 4. HP: 28/37 MP: 4/4
  1598 | D:2      | Slain by Sigmund

Illustrated notes

Levels and vault maps discovered:
D:1:      roderic_dead_forest, layout_loops_ring, lexackson_kobold_supper
D:2:      layout_basic, serial_shops, nicolae_shop_bloodbath_and_beyond,
          uniq_sigmund
D:3:      layout_rooms, dreamdust_ecumenical_altar_statues, kennysheep_boxes
D:4:      layout_basic, mainiacjoe_overflow_boulevard, kennysheep_another_room,
          kennysheep_dice, uniq_blork_the_orc, uniq_menkaure
D:5:      gammafunk_steamed_eel, layout_basic, old_standard_altar, uniq_grinder

Skill      XL: |  1  2  3 |
---------------+----------+-----
Fighting       | 4 |  4.0
Maces & Flails | 2 |  2.6
Polearms       | |  2.0
Dodging        | |  2.0
Stealth        | |  5.0

Action                   |  1- 3 |  4- 6 || total
-------------------------+-------+-------++-------
Melee: Spear             |    26 |       ||    26
       Mace              |    34 |    28 ||    62
  Use: Scroll            |     1 |       ||     1
 Stab: Sleeping          |     6 |     2 ||     8
Armor: Leather armour    |    16 |     6 ||    22
Dodge: Dodged            |    34 |    16 ||    50
